Map: [ESL] Tropical Sacrifice

Players

ByuN - Winner!

  • Race: Terran Terran
  • Spawn Location: 7:00

gumiho

  • Race: Terran Terran
  • Spawn Location: 1:00

Event: TSL 9

VOD

Have the link to the VOD?

Description

Time

  • Played on: Sept. 2, 2022, 8:53 a.m.
  • Length: 15:22

All games in this series

Show
View Real Time Build Order
Export as new Build Order

ByuN Terran - Winner!

Build Orders:  

Get SALT Encoding   

  12  0:00  SCV  
  13  0:15  Supply Depot  
  13  0:18  SCV  
  14  0:30  SCV  
  15  0:39  Barracks  
  15  0:43  SCV  
  16  0:50  Refinery  
  16  0:55  SCV  
  17  1:00  Refinery  
  17  1:08  SCV  
  18  1:20  SCV  
  19  1:29  Reaper  
  19  1:32  Orbital Command  
  20  1:37  Supply Depot  
  20  1:50  Factory  
  20  1:57  SCV  
  21  2:01  Reaper  
  22  2:09  SCV  
  23  2:21  SCV  
  24  2:30  Command Center  
  24  2:33  Reaper  
  24  2:34  SCV  
  26  2:40  Hellion  
  28  2:46  SCV  
  28  2:48  Supply Depot  
  30  2:58  SCV  
  30  3:09  Barracks Reactor, Hellion  
  30  3:10  Barracks  
  31  3:13  SCV  
  32  3:25  SCV  
  33  3:31  Factory Tech Lab  
  33  3:38  SCV  
  34  3:46  Marine x2  
  36  3:49  Cyclone  
  36  3:51  SCV  
  36  3:52  Orbital Command  
  40  3:57  Barracks Tech Lab  
  40  4:04  SCV  
  40  4:06  Supply Depot  
  40  4:09  Marine  
  41  4:10  Marine  
  41  4:16  SCV  
  44  4:17  SCV  
  44  4:18  Stimpack, Marine  
  46  4:27  Marine x2  
  46  4:28  SCV  
  46  4:29  Supply Depot, SCV, Starport  
  50  4:32  Factory Reactor  
  50  4:41  Marine  
  50  4:43  Supply Depot  
  50  4:44  SCV x2  
  50  4:45  Marine x2  
  55  4:56  SCV x2  
  55  4:59  Marine  
  58  5:03  Marine x2  
  60  5:08  SCV  
  60  5:09  SCV  
  62  5:14  Medivac x2  
  62  5:16  Refinery  
  62  5:17  Siege Tank  
  62  5:21  Supply Depot, SCV x2, Marine  
  71  5:22  Marine  
  71  5:23  Marine  
  74  5:30  Engineering Bay  
  74  5:33  SCV x2  
  76  5:39  Marine  
  76  5:40  Marine  
  76  5:41  Refinery  
  78  5:43  Marine  
  78  5:45  Supply Depot  
  78  5:47  SCV x2  
  81  5:51  Barracks, Starport Reactor  
  81  5:55  Siege Tank  
  84  5:58  Combat Shield  
  84  6:00  SCV x2  
  84  6:04  Terran Infantry Weapons Level 1  
  86  6:09  Engineering Bay  
  86  6:12  Marine x2  
  86  6:13  Marine  
  84  6:27  SCV x2, Siege Tank  
  84  6:30  Marine x3  
  92  6:37  Supply Depot  
  92  6:38  Medivac x2, Marine x2  
  98  6:40  Terran Infantry Armor Level 1  
  98  6:41  Supply Depot  
  95  6:51  Marine x3  
  98  6:56  Marine x2  
  100  7:09  Marine x3  
  100  7:13  Siege Tank  
  100  7:14  Command Center, Marine x2  
  108  7:20  Armory  
  108  7:25  Viking  
  108  7:26  Marine  
  108  7:27  Marine x2  
  111  7:30  Viking  
  111  7:31  Marine x2  
  111  7:34  SCV x2  
  117  7:41  Supply Depot x2  
  117  7:44  Marine  
  117  7:47  Marine  
  116  7:53  Marine x3  
  118  8:02  Medivac x2, Marine  
  118  8:03  Supply Depot  
  118  8:05  Marine  
  124  8:09  Supply Depot  
  119  8:17  SCV  
  119  8:18  SCV, Barracks  
  119  8:19  Marine x2  
  123  8:20  Marine x2  
  123  8:21  Siege Tank  
  123  8:22  Marine  
  124  8:37  Marine  
  115  8:42  Marine x2  
  115  8:48  Marine  
  119  8:54  Siege Tank  
  119  8:59  Marine  
  119  9:03  Marine  
  119  9:05  Marine  
  121  9:13  Command Center  
  121  9:14  Barracks  
  121  9:16  Barracks  
  119  9:17  Marine  
  119  9:20  Terran Infantry Armor Level 2  
  118  9:26  Marine  
  118  9:32  Siege Tank  
  118  9:43  Barracks Reactor, Starport Reactor  
  118  9:52  Marine x2  
  111  10:04  Siege Tank  
  111  10:05  Barracks Reactor  
  108  10:09  Marine x2  
  108  10:11  Barracks Reactor  
  109  10:19  Marine  
  109  10:20  Marine  
  111  10:27  Marine  
  112  10:34  Terran Infantry Weapons Level 2  
  112  10:35  Marine  
  108  10:36  Siege Tank  
  108  10:37  Marine x2  
  113  10:45  Marine  
  113  10:49  Marine  
  114  10:50  Liberator x2  
  114  10:53  SCV  
  114  10:54  SCV  
  118  11:01  Marine x3  
  118  11:02  Marine  
  118  11:03  Marine  
  123  11:08  Siege Tank  
  123  11:09  Orbital Command  
  126  11:12  SCV  
  126  11:15  SCV  
  126  11:16  Sensor Tower  
  128  11:23  Marine x3  
  128  11:24  Marine  
  132  11:26  Marine x3  
  134  11:33  Marine  
  134  11:41  SCV, Marine x2  
  134  11:42  Marine  
  134  11:45  Missile Turret, Marine  
  134  11:46  Marine x3  
  138  11:51  Marine  
  138  11:52  Sensor Tower  
  139  11:59  SCV x3  
  142  12:03  Viking  
  144  12:11  SCV x3  
  144  12:12  Marine  
  148  12:19  Marine x7  
  106  12:30  Marine  
  106  12:31  Medivac  
  106  12:33  Medivac  
  106  12:36  Marine  
  112  12:37  Marine x2  
  114  12:45  Siege Tank  
  117  12:54  Marine  
  117  12:58  Marine  
  119  13:00  Medivac  
  119  13:02  Marine  
  119  13:03  Viking  
  119  13:04  Marine x3  
  122  13:08  Supply Depot  
  118  13:24  Marine  
  118  13:25  Marine  
  118  13:26  Marine  
  120  13:27  Marine x4  
  120  13:28  Siege Tank  
  120  13:30  Viking  
  124  13:34  Viking  
  124  13:36  Marine  
  122  13:42  Marine x2  
  122  13:44  Marine x2  
  122  13:47  Marine  
  127  13:50  Marine  
  128  13:56  Marine x2  
  128  14:00  Refinery, Viking, Marine x2, SCV  
  128  14:02  Marine x2  
  135  14:04  Viking, Siege Tank  
  135  14:05  Marine  
  135  14:08  Marine  
  143  14:14  Marine x2  
  145  14:18  Marine  
  145  14:19  Marine  
  145  14:20  Marine x2  
  145  14:22  Marine  
  150  14:26  Marine  
  150  14:30  Viking  
  149  14:31  Marine x2  
  149  14:36  Marine  
  149  14:37  Marine  
  149  14:38  Marine x2  
  152  14:40  Viking, Marine  
  152  14:44  Marine  
  157  14:50  Marine x2  
  150  14:53  Marine  
  150  14:55  Marine  
  139  15:00  Marine  
  139  15:01  Marine  
Show
View Real Time Build Order
Export as new Build Order

gumiho Terran 

Build Orders:  

Get SALT Encoding   

  12  0:00  SCV  
  13  0:12  SCV  
  14  0:18  Supply Depot  
  14  0:24  SCV  
  15  0:40  SCV, Barracks  
  16  0:47  Refinery  
  16  0:52  SCV  
  18  1:04  SCV  
  18  1:08  Barracks  
  18  1:16  SCV  
  19  1:29  Orbital Command  
  19  1:30  Reaper  
  20  1:50  Supply Depot  
  20  1:55  SCV  
  20  1:56  Reaper  
  22  2:07  Reaper  
  23  2:13  SCV  
  24  2:19  Command Center  
  24  2:25  SCV  
  24  2:27  Marine  
  26  2:33  Bunker  
  26  2:37  SCV  
  26  2:38  Refinery  
  26  2:40  Marine  
  28  2:47  Factory  
  28  2:49  SCV  
  29  2:56  Supply Depot  
  29  3:02  SCV  
  28  3:08  Marine  
  28  3:09  Marine  
  30  3:14  SCV  
  31  3:26  Marine x2  
  34  3:31  Hellion  
  34  3:33  Starport  
  36  3:36  Orbital Command  
  36  3:39  SCV  
  36  3:45  Barracks Reactor, Barracks Tech Lab  
  36  3:51  SCV  
  36  3:53  Factory Tech Lab  
  37  3:59  Refinery  
  38  4:03  SCV  
  38  4:04  SCV  
  39  4:10  Viking  
  39  4:12  Stimpack  
  39  4:15  SCV  
  39  4:16  Supply Depot, SCV  
  43  4:19  Marine  
  44  4:26  Siege Tank  
  44  4:27  SCV  
  44  4:28  SCV  
  44  4:29  Marine  
  44  4:30  Marine  
  51  4:34  Supply Depot  
  51  4:40  SCV x2  
  51  4:42  Starport Reactor  
  51  4:44  Engineering Bay  
  53  4:52  Supply Depot, SCV  
  54  4:53  SCV  
  54  4:59  Siege Tank  
  57  5:04  SCV  
  57  5:06  Marine x2  
  57  5:07  Marine  
  60  5:10  Supply Depot, SCV  
  60  5:12  Terran Infantry Weapons Level 1  
  62  5:18  SCV  
  62  5:20  Medivac  
  65  5:22  SCV  
  65  5:25  Medivac  
  65  5:26  Marine x2  
  65  5:27  Marine  
  71  5:30  SCV  
  71  5:34  Supply Depot, SCV  
  73  5:39  Refinery  
  73  5:41  Siege Tank  
  76  5:43  SCV  
  76  5:44  Marine  
  76  5:46  Marine  
  76  5:47  SCV, Marine  
  81  5:56  SCV  
  82  5:59  SCV  
  82  6:04  Barracks  
  83  6:06  Starport Reactor  
  83  6:07  Marine x2  
  83  6:08  SCV  
  83  6:11  SCV  
  87  6:13  Marine  
  87  6:15  Siege Tank  
  89  6:20  SCV  
  89  6:23  SCV  
  89  6:25  Marine x2  
  92  6:26  Command Center  
  92  6:31  Supply Depot  
  92  6:32  SCV  
  94  6:33  Supply Depot  
  94  6:34  Marine  
  94  6:38  SCV  
  96  6:44  SCV  
  97  6:49  Marine x2  
  97  6:52  Marine x2  
  101  6:56  Marine  
  101  6:58  Combat Shield  
  96  7:03  Factory Tech Lab  
  96  7:04  Medivac x2  
  96  7:06  Terran Infantry Armor Level 1, Marine  
  96  7:07  Marine  
  102  7:10  Marine x2  
  104  7:16  Barracks  
  104  7:17  Barracks  
  104  7:19  Marine  
  104  7:22  SCV x2  
  107  7:24  Marine x2  
  107  7:28  Marine x2  
  108  7:34  Medivac x2  
  108  7:36  Marine  
  113  7:39  Siege Tank  
  113  7:41  SCV x2  
  113  7:42  Marine  
  118  7:55  SCV x2  
  118  7:58  Orbital Command  
  120  7:59  Marine x4  
  120  8:04  Medivac x2  
  128  8:08  Armory  
  128  8:10  Engineering Bay  
  128  8:12  Marine x3  
  129  8:18  Marine x4  
  127  8:30  Marine x3  
  129  8:36  Marine x4  
  131  8:43  Medivac x2  
  131  8:48  Marine  
  133  8:49  Marine  
  133  8:50  Marine  
  133  8:53  Marine x2  
  133  8:54  Marine x2  
  132  8:56  Supply Depot  
  132  8:57  Supply Depot  
  131  9:05  Marine  
  131  9:07  Marine  
  131  9:08  Marine  
  131  9:09  Siege Tank  
  132  9:11  Marine x3  
  132  9:15  Marine  
  133  9:23  Marine  
  134  9:25  Marine  
  134  9:26  Marine  
  134  9:29  Marine  
  135  9:34  Marine x3  
  135  9:36  Medivac x2  
  118  9:41  Marine  
  118  9:43  Marine x2  
  118  9:47  Marine  
  118  9:52  Marine x3  
  122  9:54  Orbital Command  
  122  9:59  Marine  
  104  10:01  Marine x2  
  104  10:05  Marine  
  107  10:09  Marine  
  107  10:10  Marine x2  
  107  10:12  Terran Infantry Armor Level 2, Terran Infantry Weapons Level 2  
  110  10:17  Viking, Marine  
  110  10:18  Marine  
  110  10:19  Marine  
  115  10:22  Viking, Marine  
  115  10:27  Marine  
  118  10:32  Marine x2  
  118  10:35  Marine  
  110  10:36  Marine  
  110  10:37  Marine  
  110  10:40  Marine  
  114  10:45  Marine  
  112  10:50  Marine x2  
  112  10:52  Siege Tank  
  112  10:53  Marine  
  112  10:54  Marine  
  112  10:55  Marine  
  119  10:58  Marine  
  119  11:00  Viking  
  119  11:03  Marine  
  123  11:08  Marine x2  
  123  11:10  Orbital Command  
  123  11:11  Marine  
  126  11:12  Marine x2  
  126  11:16  Marine  
  129  11:21  Marine  
  130  11:26  Marine x2  
  130  11:29  Marine  
  130  11:30  Marine  
  134  11:33  Marine  
  134  11:39  Marine  
  134  11:41  Supply Depot, Marine  
  134  11:42  Supply Depot  
  134  11:43  Supply Depot  
  134  12:03  Marine x4  
  134  12:04  Liberator x2  
  134  12:05  Siege Tank  
  134  12:06  Marine x2  
  134  12:07  Marine  
  150  12:21  Marine x4  
  129  12:24  Marine x2  
  129  12:25  Marine  
  124  12:38  Marine x4  
  124  12:41  Marine  
  124  12:42  Marine  
  130  12:44  Siege Tank  
  130  12:46  Marine  
  130  12:47  Liberator x2  
  140  12:56  Marine x2  
  139  12:59  Marine  
  139  13:02  Marine x2  
  139  13:03  Marine x2  
  143  13:14  Marine x2  
  143  13:17  Marine  
  146  13:20  Marine  
  146  13:21  Marine x2  
  146  13:22  Marine  
  150  13:32  Marine  
  147  13:38  Marine x2  
  147  13:41  Viking, Marine x2  
  151  13:46  Marine x2  
  153  13:50  Marine  
  150  13:56  Marine x2  
  150  13:59  Marine x2  
  154  14:04  Marine x2  
  154  14:07  Marine  
  157  14:14  Marine  
  157  14:16  Supply Depot  
  158  14:18  Supply Depot  
  158  14:25  Marine  
  158  14:27  Marine  
  156  14:37  Supply Depot, Siege Tank, Marine x2  
  161  14:38  Supply Depot  
  161  14:40  Medivac x2  
  161  14:41  Marine  
  127  15:01  Marine x7  
Tags
 
Add a new tag
Caveats
  • Supply blocks, unpowered buildings, or Contaminate may cause inaccurate times.
  • Supply counts are checked every 10 seconds.